 Dungeon Crawl Stone Soup version 0.31.0-32-g396128a36d (webtiles) character file.

Game seed: 3854757391569486663

53974 Logoto the Severer (level 14, -14/133 HPs)
             Began as a Hill Orc Berserker on Apr 4, 2024.
             Was a High Priest of Trog.
             Shot with an arrow by Nessos (15 damage)
             ... on level 4 of the Lair of Beasts.
             The game lasted 00:43:23 (19622 turns).

Logoto the Severer (Hill Orc Berserker)            Turns: 19622, Time: 00:43:23

Health: -14/133    AC: 19    Str: 31    XL:     14   Next: 70%
Magic:  14/14      EV: 11    Int: 10    God:    Trog [*****.]
Gold:   591        SH:  0    Dex:  7    Spells: 13/13 levels left

rFire   . . .        S - +8 war axe "Veyq" {drain, rC++ Int+3 Dex-3}
rCold   + + +        (no shield)
rNeg    . . .        T - +0 scale mail {rC+}
rPois   .            P - +2 hat {Will+}
rElec   .            (no cloak)
rCorr   .            I - +2 pair of gloves
SInv    .            (no boots)
Will    ++...        (no amulet)
Stlth   +            g - +6 ring of strength
HPRegen 0.42/turn    J - +4 ring of protection
MPRegen 0.14/turn

%: no passive effects
@: lethally poisoned (-14 -> -64)
A: no striking features
a: Renounce Religion, Berserk, Trog's Hand, Brothers in Arms


You were on level 4 of the Lair of Beasts.
You worshipped Trog.
Trog was extremely pleased with you.
You visited 2 branches of the dungeon, and saw 15 of its levels.
You also visited: Sewer.

You collected 891 gold pieces.
You spent 300 gold pieces at shops.

Inventory:

Hand Weapons
 M - a +2 spear
 R - a +2 war axe of venom
 S - the +8 war axe "Veyq" (weapon) {drain, rC++ Int+3 Dex-3}
   (You found it on level 11 of the Dungeon)

   Int+3:     It affects your intelligence (+3).
   Dex-3:     It affects your dexterity (-3).
   rC++:      It greatly protects you from cold.
Missiles
 A - 2 curare-tipped darts
 B - 35 poisoned darts
 C - 3 atropa-tipped darts (quivered)
 O - 2 throwing nets
Armour
 i - a +0 chain mail
 I - a +2 pair of gloves (worn)
 P - a +2 hat of willpower (worn)
 Q - a +0 plate armour
 T - a +0 scale mail of cold resistance (worn)
Jewellery
 a - a +5 ring of evasion
 g - a +6 ring of strength (left hand)
 J - a +4 ring of protection (right hand)
 W - a ring of see invisible
Wands
 h - a wand of iceblast (25)
 p - a wand of flame (26)
 q - a wand of charming (25)
 w - a wand of polymorph (8)
 z - a wand of acid (13)
 G - a wand of digging (6)
Scrolls
 b - 2 scrolls of enchant armour
 c - 2 scrolls of identify
 d - 4 scrolls of silence
 j - a scroll of blinking {unknown}
 k - 2 scrolls of fog
 l - a scroll of torment {unknown}
 n - 3 scrolls of enchant weapon
 v - a scroll of noise {unknown}
 x - a scroll of poison {unknown}
 y - a scroll of revelation {unknown}
 H - 4 scrolls of teleportation
 N - a scroll of immolation {unknown}
 U - a scroll of butterflies {unknown}
 V - a scroll of amnesia {unknown}
Potions
 e - 5 potions of curing
 f - 3 potions of might
 m - 4 potions of berserk rage
 o - a potion of ambrosia
 r - a potion of heal wounds
 s - 3 potions of haste
 t - a potion of cancellation
 u - 3 potions of mutation
 D - 5 potions of attraction
 E - 3 potions of lignification
 K - a potion of degeneration {unknown}
 L - 3 potions of enlightenment


   Skills:
 * Level 14.8 Fighting
 * Level 19.1(19.2) Axes
 + Level 2.2(10.9) Polearms
 + Level 0.5 Throwing
 * Level 14.8 Armour
 + Level 5.1 Dodging
 + Level 3.3 Stealth


You had 13 spell levels left.
You didn't know any spells.
Your spell library was empty.

Dungeon Overview and Level Annotations

Branches:
Dungeon (11/15)            Temple (0/1) D:4            Lair (4/5) D:8
 Shoals (0/4) Lair:3       Spider (0/4) Lair:2        Slime (0/5) Lair:4
    Orc (0/2) D:10          Sewer (visited)

Altars:
Ashenzari
Cheibriados
Elyvilon
Gozag
Makhleb
Qazlal
Trog
Uskayaw
Wu Jian
Yredelemnul
The Shining One
Jiyva

Shops:
D:5 ?   D:11 [

Annotations:
D:8 2 transporters
Lair:4 Nessos


Message History

You feel yourself slow down.
You see here a catoblepas corpse.
You start waiting.
You feel yourself speed up.
You start waiting.
You recover from your berserk rage.
You start waiting.
Done waiting.
Found a morningstar.
Nessos the Markscentaur comes into view.
Nessos wields a +2 longbow of flaming.
It bursts into flame!
Nessos shoots an arrow.
The arrow hits you! The arrow burns you.
You are poisoned.
You feel very sick.
Nessos shoots an arrow.
The arrow hits you! The arrow burns you.
You are more poisoned.
Nessos casts a spell.
Nessos seems to speed up.
You feel very sick.
Nessos shoots an arrow.
The arrow hits you! The arrow burns you!
You feel very sick.
Nessos casts a spell.
Nessos blinks!
You feel very sick.
Nessos shoots an arrow.
The arrow hits you! The arrow burns you.
You are more poisoned.
Nessos shoots an arrow.
The arrow hits you!
* * * LOW HITPOINT WARNING * * *
The arrow burns you.
You are lethally poisoned!
* * * LOW HITPOINT WARNING * * *
* * * LOW HITPOINT WARNING * * *
You feel extremely sick.
Nessos shoots an arrow.
The arrow hits you!
* * * LOW HITPOINT WARNING * * *
The arrow burns you.
You are more poisoned.
* * * LOW HITPOINT WARNING * * *
Nessos shoots an arrow.
The arrow hits you!
You die...

.#.##########...###P.......#
...#.#.#####....P#........##
...........##....#......#.P#
..#........##...##.........#
...#.......#P...##.c....#..#
..#.......###....#.........#
.#.#......##...........#..
..#.##.PP.###....##.#..c..
.####.#######...@##+...#..
.####...##P#..............
...............)..........
P##..#.P.#P######.####.##.
############ ###


You could see Nessos (fast).

Vanquished Creatures
  Gastronok (D:8)
  2 hydras
  Fannar (Lair:2)
  A catoblepas (Lair:4)
  A two-headed ogre (D:9)
  Amaemon (Lair:1)
  A skyshark (Lair:2)
  5 harpies (Lair:3)
  The ghost of jimmypageman the Covert, a novice GnWn of Okawaru (D:7)
  An ugly thing (D:11)
  2 wolf spiders (Lair:1)
  Maurice (D:8)
  4 black mambas
  A torpor snail (Lair:3)
  Maggie (Lair:2)
  An orange demon (Lair:1)
  10 cane toads
  A kobold demonologist (D:5)
  10 komodo dragons
  An efreet (D:11)
  5 rime drakes
  3 trolls
  2 polar bears (Lair:1)
  A hornet (Lair:1)
  20 blink frogs
  Sigmund (D:5)
  2 wyverns
  4 basilisks
  A warg (D:10)
  A steam dragon (D:7)
  29 yaks
  3 acid dragons
  7 water moccasins
  3 black bears
  5 orc warriors
  An ice beast (D:6)
  A sky beast (D:6)
  2 ogres
  3 centaurs
  16 wolves
  3 phantoms
  Blork the orc (D:5)
  8 kobold brigands
  9 bullfrogs
  A gnoll sergeant (D:8)
  2 scorpions
  7 wights
  23 killer bees
  6 electric eels
  2 howler monkeys
  6 jellies
  A lava snake (D:9)
  4 orc priests
  3 hounds
  3 gnoll boudas
  2 iguanas
  10 orc wizards
  Robin (D:2)
  20 gnolls
  19 adders
  7 river rats (Sewer)
  2 white imps
  3 dart slugs
  3 ribbon worms
  23 orcs
  5 bats
  10 endoplasms
  6 giant cockroaches
  6 hobgoblins
  4 jackals (D:4)
  20 kobolds
  3 quokkas
  7 ball pythons
  6 frilled lizards
  16 goblins
  22 rats
431 creatures vanquished.

Notes
Turn   | Place    | Note
-------+----------+-------------------------------------------
     0 | D:1      | Logoto the Hill Orc Berserker began the quest for the Orb.
     0 | D:1      | Reached XP level 1. HP: 19/19 MP: 1/1
   219 | D:1      | Reached XP level 2. HP: 27/27 MP: 2/2
   307 | D:1      | Found a faded altar of an unknown god.
   525 | D:2      | Reached XP level 3. HP: 29/33 MP: 3/3
   547 | D:2      | Found an ornate altar of the Wu Jian Council.
   550 | D:2      | Noticed Robin
   888 | D:2      | Reached ** piety under Trog
   889 | D:2      | Reached skill level 5 in Axes
   908 | D:2      | Killed Robin
  1019 | D:2      | Reached XP level 4. HP: 27/40 MP: 4/4
  1676 | D:3      | Found an opulent altar of Gozag.
  2224 | D:4      | Found a stormy altar of Qazlal.
  2271 | D:4      | Noticed an ogre
  2281 | D:4      | Killed an ogre
  2282 | D:4      | Reached skill level 6 in Axes
  2282 | D:4      | Reached XP level 5. HP: 39/47 MP: 5/5
  2380 | D:4      | Reached XP level 6. HP: 51/53 MP: 6/6
  2439 | D:4      | Found a staircase to the Ecumenical Temple.
  2593 | D:4      | Found a glowing drain.
  2635 | Sewer    | Entered a sewer
  2726 | Sewer    | Reached *** piety under Trog
  2752 | Sewer    | Reached skill level 5 in Fighting
  2752 | Sewer    | Reached skill level 7 in Axes
  2752 | Sewer    | Reached XP level 7. HP: 61/61 MP: 7/7
  3016 | Sewer    | Reached skill level 8 in Axes
  3602 | D:5      | Entered Level 5 of the Dungeon
  3613 | D:5      | Reached skill level 5 in Armour
  3916 | D:5      | Reached XP level 8. HP: 69/69 MP: 8/8
  3948 | D:5      | Reached skill level 9 in Axes
  4245 | D:5      | Noticed Sigmund
  4247 | D:5      | Noticed Blork the orc
  4263 | D:5      | Killed Sigmund
  4263 | D:5      | Killed Blork the orc
  4562 | D:5      | Found the +7 Throatcutter {drain, coup de grace}
  4562 | D:5      | Noticed a kobold demonologist
  4577 | D:5      | Reached skill level 10 in Axes
  4577 | D:5      | Noticed a sun demon
  4604 | D:5      | Noticed an ice devil
  4607 | D:5      | Noticed a sixfirhy
  4608 | D:5      | Killed a kobold demonologist
  4609 | D:5      | Reached skill level 11 in Axes
  4609 | D:5      | Reached XP level 9. HP: 39/78 MP: 9/9
  4867 | D:5      | Found Uryaf's Magic Scroll Emporium.
  4959 | D:6      | Found a white marble altar of Elyvilon.
  4959 | D:6      | Found a broken altar of Ashenzari.
  4960 | D:6      | Found a basalt altar of Yredelemnul.
  5213 | D:6      | Reached skill level 12 in Axes
  5218 | D:6      | Reached **** piety under Trog
  5986 | D:6      | Reached XP level 10. HP: 88/88 MP: 10/10
  6394 | D:7      | Found a bloodstained altar of Trog.
  6982 | D:7      | Found a runed translucent door.
  6986 | D:7      | Noticed jimmypageman's ghost (novice GnWn)
  7029 | D:7      | Killed jimmypageman's ghost
  7068 | D:7      | Found a snail-covered altar of Cheibriados.
  7170 | D:7      | Reached skill level 1 in Stealth
  7174 | D:7      | Reached skill level 13 in Axes
  7468 | D:7      | Found a glowing golden altar of the Shining One.
  7468 | D:7      | Found an ornate altar of the Wu Jian Council.
  7871 | D:8      | Found a transporter.
  7889 | D:8      | Noticed Gastronok
  7904 | D:8      | Killed Gastronok
  7905 | D:8      | Reached skill level 10 in Armour
  7955 | D:8      | Found a staircase to the Lair.
  7978 | D:8      | Noticed Maurice
  7986 | D:8      | Killed Maurice
  7987 | D:8      | Reached skill level 14 in Axes
  8270 | D:8      | Found a transporter.
  8286 | D:8      | Found a transporter.
  8309 | D:8      | Found a transporter.
  8574 | D:9      | Found a burning altar of Makhleb.
  8984 | D:9      | Reached XP level 11. HP: 68/97 MP: 11/11
  9426 | D:9      | Noticed a two-headed ogre
  9431 | D:9      | Killed a two-headed ogre
  9696 | D:9      | Reached skill level 15 in Axes
  9802 | D:9      | Found a hide-covered altar of Uskayaw.
  9885 | D:9      | Reached skill level 10 in Fighting
 10295 | D:10     | Entered Level 10 of the Dungeon
 10612 | D:10     | Found a staircase to the Orcish Mines.
 11794 | D:11     | Found Dafuylex's Armour Boutique.
 11819 | D:11     | Bought a +2 leather armour of willpower for 190 gold pieces
 11819 | D:11     | Bought a +0 scale mail of cold resistance for 110 gold
                  | pieces
 11910 | D:11     | Identified the +8 war axe "Veyq" {drain, rC++ Int+3 Dex-3}
 12092 | D:11     | Noticed a white ugly thing
 12096 | D:11     | Killed a white ugly thing
 12409 | D:11     | Reached skill level 16 in Axes
 13634 | Lair:1   | Entered Level 1 of the Lair of Beasts
 13645 | Lair:1   | Noticed Amaemon
 13660 | Lair:1   | Killed Amaemon
 13661 | Lair:1   | Reached XP level 12. HP: 108/108 MP: 12/12
 13947 | Lair:1   | Found a frozen archway.
 14085 | Lair:1   | Reached skill level 17 in Axes
 15564 | Lair:2   | Noticed Maggie
 15675 | Lair:2   | Killed Maggie
 15854 | Lair:2   | Noticed a skyshark
 15863 | Lair:2   | Killed a skyshark
 15949 | Lair:2   | Found a hole to the Spider Nest.
 16073 | Lair:2   | Noticed Fannar
 16086 | Lair:2   | Killed Fannar
 16087 | Lair:2   | Reached XP level 13. HP: 119/119 MP: 13/13
 16955 | Lair:2   | Reached skill level 18 in Axes
 16955 | Lair:2   | Reached XP level 14. HP: 130/130 MP: 14/14
 17275 | Lair:3   | Reached skill level 1 in Polearms
 17296 | Lair:3   | Found a staircase to the Shoals.
 17994 | Lair:3   | Found the +4 skin of Zhor {*Englaciate rC+++ SInv}
 18036 | Lair:3   | Reached ***** piety under Trog
 18045 | Lair:3   | Reached skill level 5 in Dodging
 18797 | Lair:4   | Found a staircase to the Slime Pits.
 18798 | Lair:4   | Found a viscous altar of Jiyva.
 18853 | Lair:4   | Reached skill level 19 in Axes
 19617 | Lair:4   | Noticed Nessos
 19622 | Lair:4   | HP: 5/133 [Nessos/arrow (15)]
 19622 | Lair:4   | HP: 1/133 [Nessos/arrow (4)]
 19622 | Lair:4   | Shot with an arrow by Nessos

Illustrated notes

Levels and vault maps discovered:
D:1:      mainiacjoe_arrival_reflecting_pool, layout_basic,
          chequers_ecumenical_altar_island, nrook_mini_backslash,
          minmay_octomino_e4
D:2:      layout_loops_ring, basic_altar, minmay_misc_feat_chi,
          hangedman_decor_growths, uniq_robin
D:3:      layout_basic, nicolae_gozag_cash_rules_everything_around_me
D:4:      layout_cave_pools, mainiacjoe_overflow_six_doors_small,
          minmay_temple_entry_statues_pillars,
          mainiacjoe_sewer_entry_somewhere_in_here_1, nicolae_titane
D:5:      layout_loops_ring, serial_shops, nicolae_shop_rolled_up,
          dilly_guarded_unrand_throatcut, uniq_blork_the_orc, uniq_sigmund
D:6:      layout_gridville, gammafunk_temple_overflow_claw
D:7:      layout_layer_cave, mainiacjoe_overflow_small_starburst, slow_altar_2,
          gammafunk_temple_overflow_wave, ebering_ghost_reflecting_pool,
          grunt_ministairs_13
D:8:      layout_gridville, dpeg_oklobed_lair, nicolae_diode_intersection,
          uniq_gastronok, uniq_maurice
D:9:      layout_stronghold, eat_drink_and_be_merry_uskayaw,
          overflow_temple_1_default, nicolae_lava_and_water,
          minmay_chambers_of_fives
D:10:     layout_stronghold, minmay_orc_entry_guard_dogs
D:11:     layout_basic, serial_shops, nicolae_shop_tiny_waterfront
Lair:1:   minmay_lair_venomous_thicket, layout_cave_pods,
          portal_ice_cave_entry_pillars_1, uniq_amaemon
Lair:2:   dreamdust_cave_troll, layout_gridlike, dummy_spider_entry,
          serial_bayou_shore_b, grunt_megastairs_3, uniq_fannar, uniq_maggie
Lair:3:   layout_regular_city, nicolae_shoals_entry_roost,
          chequers_serial_rivers_large_a, serial_bayou_ford_a,
          serial_bayou_pond_b, hellmonk_guarded_unrand_zhor
Lair:4:   layout_regular_city, slime_entry_1, serial_bayou_shore_a,
          grunt_megastairs_4, uniq_nessos

Skill      XL: |  1  2  3  4  5  6  7  8  9 10 11 12 13 14 |
---------------+-------------------------------------------+-----
Fighting       | 4 5 6 7 9 10 12 13 14 | 14.8
Axes           | 5 6 7 8 11 12 14 16 17 18 19 | 19.1
Dodging        | 2 3 4 5 |  5.1
Armour         | 3 4 5 7 8 10 11 13 14 | 14.8
Stealth        | 1 2 3 |  3.3
Polearms       | 2 |  2.2
Throwing       | |  0.5

Action                     |  1- 3 |  4- 6 |  7- 9 | 10-12 | 13-15 || total
---------------------------+-------+-------+-------+-------+-------++-------
  Melee: Hand axe          |   109 |   163 |   296 |    85 |       ||   653
         Punch             |       |       |     7 |     7 |     2 ||    16
         War axe           |       |       |       |   458 |   177 ||   635
         Spear             |       |       |       |       |    51 ||    51
  Throw: Dart              |       |       |     5 |       |       ||     5
 Invoke: Berserk           |     1 |     5 |    10 |    33 |     7 ||    56
    Use: Potion            |       |       |     1 |     2 |     1 ||     4
         Scroll            |       |       |       |       |    18 ||    18
   Stab: Sleeping          |     1 |       |       |       |       ||     1
 Armour: Animal skin       |    13 |       |       |       |       ||    13
         Ring mail         |    60 |    16 |       |       |       ||    76
         Chain mail        |       |    90 |   248 |   116 |       ||   454
         Plate armour      |       |       |       |   137 |       ||   137
         Scale mail        |       |       |       |   208 |   209 ||   417
  Dodge: Dodged            |    67 |    92 |   124 |   269 |   115 ||   667
